 Dungeon Crawl Stone Soup version 0.24-a0-67-ga78bd38d5a (webtiles) character file.

Game seed: 12422252608460676244

525857 spacetime the Warrior (level 25, -34/134 HPs)
             Began as a Gargoyle Fighter on Feb 1, 2019.
             Was the Champion of Okawaru.
             Killed from afar by a Brimstone Fiend (50 damage)
             ... with damnation
             ... summoned by a lich
             ... on level 1 of the Depths on Feb 5, 2019.
             The game lasted 03:43:59 (56318 turns).

spacetime the Warrior (Gargoyle Fighter)           Turns: 56318, Time: 03:44:00

Health: -34/134    AC: 57    Str: 36    XL:     25   Next: 45%
Magic:  34/34      EV:  8    Int: 11    God:    Okawaru [******]
Gold:   4441       SH:  0    Dex: 23    Spells: 24/24 levels left

rFire    + . .     SeeInvis +   H - +9 demon whip of Shame {vamp, Stlth+}
rCold    + + .     Gourm    +   c - +4 shield
rNeg     + + +     Faith    .   O - +8 gold dragon scales of Surrea {rPois rF+ rC+ rN+ Str-5 Dex+4}
rPois    ∞         Spirit   .   U - +0 hat "Alusk" {*Contam +Blink +Fly SInv}
rElec    +         Reflect  .   P - scarf {repulsion}
rCorr    .         Harm     .   f - +2 pair of gloves "Nejuavil" {-Tele Str+4 Dex+6}
MR       ++...     Clarity  +   t - +1 pair of boots of the Several Shrikes {rF+ Slay+3} Stlth ..........NoTele +
                                W - amulet of the gourmand
HPRegen  0.32/turn              k - ring of Dit Viyk {rElec rF- rN+++ Str+4 SInv}
MPRegen  0.24/turn              m - ring of the Hippo {+Fly rC+ MR+ Str+3 Dex+4}

@: confused, flying, repel missiles
A: big wings, hooves 1, clarity, frail 2, negative energy resistance 1, sense
surroundings 1, electricity resistance, teleportitis 1, unbreathing,
petrification resistance, rot immunity, AC +19
}: 3/15 runes: barnacled, silver, gossamer
a: Stop Flying, Heroism, Finesse, Renounce Religion, Evoke Blink


You were on level 1 of the Depths.
You worshipped Okawaru.
Okawaru was exalted by your worship.
You were very full.

You visited 9 branches of the dungeon, and saw 41 of its levels.
You visited the Abyss 1 time.
You also visited: Desolation.

You collected 5625 gold pieces.
You spent 1184 gold pieces at shops.

Inventory:

Hand Weapons
 H - the +9 demon whip of Shame (weapon) {vamp, Stlth+}
   (Okawaru gifted it to you on level 6 of the Lair of Beasts)

   It inflicts no extra harm, but heals its wielder when it wounds a living foe.
   It makes you more stealthy.
Missiles
 e - 1256 stones
 l - 2 silver tomahawks
 o - 7 poisoned tomahawks
 p - 35 poisoned javelins
 u - 4 tomahawks of dispersal
 A - 23 javelins of penetration
 G - 7 steel javelins
 L - 54 tomahawks
 M - 25 silver javelins
 N - 19 javelins (quivered)
 Q - 11 javelins of returning
 V - 8 tomahawks of returning
Armour
 c - a +4 shield (worn)
 f - the +2 pair of gloves "Nejuavil" (worn) {-Tele Str+4 Dex+6}
   (You acquired it on level 2 of the Lair of Beasts)

   It affects your strength (+4).
   It affects your dexterity (+6).
   It prevents most forms of teleportation.
 t - the +1 pair of boots of the Several Shrikes (worn) {rF+ Slay+3}
   (You acquired it on level 12 of the Dungeon)

   It affects your accuracy and damage with ranged weapons and melee attacks
   (+3).
   It protects you from fire.
 O - the +8 gold dragon scales of Surrea (worn) {rPois rF+ rC+ rN+ Str-5 Dex+4}
   (You found it on level 14 of the Dungeon)

   It affects your strength (-5).
   It affects your dexterity (+4).
   It protects you from fire.
   It protects you from cold.
   It protects you from poison.
   It protects you from negative energy.
 P - a scarf of repulsion (worn)
 U - the +0 hat "Alusk" (worn) {*Contam +Blink +Fly SInv}
   (Okawaru gifted it to you on level 15 of the Dungeon)

   It lets you see invisible.
   It lets you fly.
   It lets you blink.
   It causes magical contamination when unequipped.
Jewellery
 k - the ring of Dit Viyk (left hand) {rElec rF- rN+++ Str+4 SInv}
   (You found it on level 2 of the Spider Nest)

   [ring of strength]

   It affects your strength (+4).
   It makes you vulnerable to fire.
   It insulates you from electricity.
   It renders you almost immune to negative energy.
   It lets you see invisible.
 m - the ring of the Hippo (right hand) {+Fly rC+ MR+ Str+3 Dex+4}
   (You found it on level 2 of the Lair of Beasts)

   [ring of flight]

   It affects your strength (+3).
   It affects your dexterity (+4).
   It protects you from cold.
   It affects your resistance to hostile enchantments.
   It lets you fly.
 w - an uncursed amulet of regeneration {unknown}
 W - an amulet of the gourmand (around neck)
Wands
 d - a wand of iceblast (43)
 g - a wand of flame (55)
 j - a wand of digging (6)
 r - a wand of acid (18)
 E - a wand of disintegration (71)
 Y - a wand of scattershot (5)
Scrolls
 a - 10 scrolls of remove curse
 i - a scroll of fear
 n - 21 scrolls of teleportation
 s - a scroll of brand weapon
 z - 5 scrolls of blinking
Potions
 q - 2 potions of heal wounds
 v - 7 potions of haste
 B - 2 potions of might
 D - 2 potions of ambrosia
 I - 11 potions of curing
Miscellaneous
 R - a phial of floods
 S - a lightning rod (4/4)
Comestibles
 b - 16 rations


   Skills:
 * Level 20.2 Fighting
 * Level 18.7 Maces & Flails
 + Level 12.9 Throwing
 * Level 20.2 Armour
 * Level 20.2 Shields
 + Level 14.7 Invocations
 + Level 12.7 Evocations


You had 24 spell levels left.
You didn't know any spells.
Your spell library contained the following spells:

 Spells                   Type           Power        Failure   Level  Hunger
 Animate Skeleton         Necr           N/A          94%         1    ##.....
 Apportation              Tloc           #.....       94%         1    ##.....
 Confusing Touch          Hex            #.....       94%         1    ##.....
 Corona                   Hex            #......      94%         1    ##.....
 Flame Tongue             Conj/Fire      #....        94%         1    ##.....
 Infusion                 Chrm           #...         94%         1    ##.....
 Sandblast                Erth           #.....       94%         1    ##.....
 Summon Small Mammal      Summ           #...         94%         1    ##.....
 Corpse Rot               Necr           N/A          98%         2    ###....
 Passwall                 Tmut/Erth      #.......     98%         2    ###....
 Shroud of Golubria       Chrm/Tloc      #.........   98%         2    ###....
 Slow                     Hex            #.......     98%         2    ###....
 Song of Slaying          Chrm           #.......     98%         2    ###....
 Throw Flame              Conj/Fire      #.....       98%         2    ###....
 Call Canine Familiar     Summ           #.......     100%        3    ####...
 Confuse                  Hex            #.......     100%        3    ####...
 Conjure Flame            Conj/Fire      #.......     100%        3    ####...
 Gell's Gravitas          Tloc           #.........   100%        3    ####...
 Inner Flame              Hex/Fire       #.......     100%        3    ####...
 Portal Projectile        Hex/Tloc       #.....       100%        3    ####...
 Recall                   Summ/Tloc      N/A          100%        3    ####...
 Regeneration             Chrm/Necr      #.........   100%        3    ####...
 Spectral Weapon          Hex/Chrm       #.......     100%        3    ####...
 Static Discharge         Conj/Air       #.......     100%        3    ####...
 Stone Arrow              Conj/Erth      #.....       100%        3    ####...
 Summon Guardian Golem    Hex/Summ       #.......     100%        3    ####...
 Animate Dead             Necr           N/A          100%        4    #####..
 Cause Fear               Hex            #.........   100%        4    #####..
 Leda's Liquefaction      Hex/Erth       #.........   100%        4    #####..
 Petrify                  Tmut/Erth      #.......     100%        4    #####..
 Sticky Flame             Conj/Fire      #.......     100%        4    #####..
 Summon Lightning Spire   Summ/Air       #.......     100%        4    #####..
 Agony                    Necr           #.......     100%        5    ######.
 Bolt of Draining         Conj/Necr      #.........   100%        5    ######.
 Borgnjor's Vile Clutch   Necr/Erth      #.........   100%        5    ######.
 Dispel Undead            Necr           #.......     100%        5    ######.
 Excruciating Wounds      Chrm/Necr      #.........   100%        5    ######.
 Fireball                 Conj/Fire      #.........   100%        5    ######.
 Lee's Rapid Deconstruct  Erth           #.........   100%        5    ######.
 Lightning Bolt           Conj/Air       #.........   100%        5    ######.
 Metabolic Englaciation   Hex/Ice        #.........   100%        5    ######.
 Silence                  Hex/Air        #.........   100%        5    ######.
 Yara's Violent Unravell  Hex/Tmut       #.........   100%        5    ######.
 Conjure Ball Lightning   Conj/Air       #.........   100%        6    #######
 Death Channel            Necr           #.........   100%        6    #######
 Deflect Missiles         Chrm/Air       #.........   100%        6    #######
 Simulacrum               Ice/Necr       #.........   100%        6    #######
 Malign Gateway           Summ/Tloc      #.........   100%        7    #######
 Monstrous Menagerie      Summ           #.........   100%        7    #######
 Summon Greater Demon     Summ           #.........   100%        7    #######
 Ignition                 Fire           #.........   100%        8    #######
 Summon Horrible Things   Summ           #.........   100%        8    #######
 Shatter                  Erth           #.........   100%        9    #######
 Tornado                  Air            #.........   100%        9    #######
 Sublimation of Blood     Necr           Unusable     N/A         2    N/A

Dungeon Overview and Level Annotations

Branches:
Dungeon (15/15)            Temple (1/1) D:4            Lair (6/6) D:11
 Shoals (4/4) Lair:3       Spider (4/4) Lair:3        Slime (0/5) Lair:6
    Orc (2/2) D:9             Elf (3/3) Orc:2        Vaults (5/5) D:14
  Crypt (0/3) Vaults:3     Depths (1/5) D:15

Altars:
Ashenzari
Cheibriados
Dithmenos
Elyvilon
Fedhas
Gozag
Hepliaklqana
Kikubaaqudgha
Makhleb
Nemelex Xobeh
Okawaru
Qazlal
Ru
Sif Muna
Trog
Uskayaw
Vehumet
Wu Jian
Xom
Yredelemnul
Zin
The Shining One
Beogh
Jiyva

Shops:
Orc:2 ([%=   Elf:2 }   Shoals:2 }   Shoals:3 =   Vaults:1 ?(   Vaults:2 }
Vaults:4 *   Vaults:5 :   Depths:1 }}=

Portals:
Hell: Depths:1
Trove: Elf:1 (give +2 gold dragon scales)

Annotations:
Lair:6 1 runed translucent door
Depths:1 Nianuil's ghost, veteran GrFE


Innate Abilities, Weirdness & Mutations

You are resistant to torment.
Your stone body is resilient. (AC +19)
You are immune to poison.
Your large and strong wings let you fly indefinitely.
You resist negative energy. (rN+)
You are resistant to electric shocks. (rElec)
You can survive without breathing.
You are immune to petrification.
You are immune to rotting.
You have large cloven feet.
You possess an exceptional clarity of mind.
You are very frail. (-20% HP)
You passively map a small area around you.
You are occasionally teleported next to monsters.


Message History

The Brimstone Fiend gestures at you.
The sphere of damnation explodes!
The damnation engulfs the Hell Sentinel.
The Hell Sentinel completely resists.
The damnation engulfs you!!
* * * LOW HITPOINT WARNING * * *
The damnation engulfs the Brimstone Fiend.
The Brimstone Fiend completely resists.
Unknown command.
Unknown command.
You bump into the rock wall.
The Hell Sentinel gestures at you.
The sphere of damnation explodes!
The damnation engulfs you!!
* * * LOW HITPOINT WARNING * * *
The damnation engulfs the Hell Sentinel.
The Hell Sentinel completely resists.
The Brimstone Fiend gestures at you.
The sphere of damnation explodes!
The damnation engulfs the Hell Sentinel.
The Hell Sentinel completely resists.
The damnation engulfs you!!!
You die...

############## .............#
.............# .P....P.PP...#
.♣♣♣...♣♣♣...# .♣ ♣...♣ ♣...#
.♣♣♣..P♣♣♣P..####################
P...P.PP..P.....@11L(............
.............######L#((......####
..P...PP....## #....#.#....#.....
P♣♣♣...♣♣♣..# #....#.#..###..#..
.♣ ♣P..♣ ♣P.# #....#.#..# #..###
.♣♣♣P..♣♣♣..# #....#.#.####.##!#
...P..P.....# #....#.#.1..L.#.%#
............# #....#.######L#.."
..PP..P.....####∩...#........'.⌠#


You could see a Hell Sentinel, a Brimstone Fiend and 2 liches.

Vanquished Creatures
  2 ancient liches
  Saint Roka (Elf:2)
  Nikola (Elf:1)
  A golden dragon (Vaults:5)
  A lich (Vaults:5)
  4 tentacled monstrosities (Vaults:5)
  Rupert (D:13)
  3 deep elf blademasters (Elf:3)
  3 titans (Vaults:5)
  A deep elf master archer (Elf:3)
  A kraken (Shoals:3)
  2 quicksilver dragons
  Asterion (Spider:4)
  Polyphemus (Shoals:4)
  3 shadow dragons (Vaults:5)
  8 tengu reavers
  4 storm dragons (Vaults:5)
  Ilsuiw (Shoals:4)
  3 fire giants
  The ghost of Tarias the Severer, a journeyman DDGl of Makhleb (Elf:1)
  11 frost giants
  An imperial myrmidon (Desolation)
  5 ghost moths
  9 deep elf sorcerers
  2 iron dragons (Vaults:5)
  26 vault wardens
  8 emperor scorpions
  Louise (Shoals:4)
  An iron dragon (shapeshifter) (Vaults:5)
  10 deep elf elementalists
  4 war gargoyles (Vaults:5)
  2 large abominations (Elf:3)
  15 ironheart preservers
  12 stone giants
  A ghoul (Vaults:2)
  6 entropy weavers
  8 very ugly things
  9 deep elf demonologists
  Nessos (D:14)
  3 halazid warlocks (Desolation)
  9 deep elf annihilators
  4 fire dragons
  3 crystal guardians
  13 ettins
  6 merfolk javelineers (Shoals:4)
  8 deep elf death magi
  4 great orbs of eyes
  9 merfolk impalers
  5 ragged hierophants (Desolation)
  26 vault guards
  9 deep elf high priests
  2 great orbs of eyes (shapeshifter) (Vaults:5)
  10 yaktaur captains
  An ice dragon (shapeshifter) (Elf:2)
  Fannar (Lair:2)
  3 peacekeepers (Desolation)
  The ghost of WhatIsLove the Carver, a journeyman GnBe of Trog (D:12)
  6 servants of whispers (Desolation)
  6 ice dragons
  8 hydras
  2 rakshasas
  2 alligator snapping turtles
  35 two-headed ogres
  A catoblepas (Shoals:4)
  2 two-headed ogres (shapeshifter)
  15 centaur warriors
  10 death yaks
  An anaconda (shapeshifter) (Vaults:5)
  25 dancing weapons
  4 merfolk avatars
  Erica (D:13)
  13 ogre magi
  4 death knights
  3 merfolk aquamancers
  2 satyrs (Shoals:4)
  2 small abominations (Elf:3)
  6 deep troll shamans (Depths:1)
  4 deep troll earth magi
  2 tengu warriors (D:15)
  3 orc high priests (Orc:2)
  3 shadow wraiths
  29 deep elf knights
  2 skeletal warriors (Vaults:2)
  6 sea snakes
  A death drake (Abyss:2)
  2 flayed ghosts (Vaults:5)
  An unseen horror (shapeshifter) (D:15)
  5 wizards
  2 glowing orange brains
  9 deep trolls
  An orange crystal statue (D:9)
  3 unseen horrors
  24 deep elf archers
  5 phantasmal warriors
  A glowing orange brain (shapeshifter) (Vaults:2)
  3 lindwurms
  17 ironbrand convokers
  A mana viper (Abyss:2)
  Pikel (D:9)
  84 deep elf magi
  26 harpies
  A mana viper (shapeshifter) (D:15)
  62 ugly things
  28 orc knights
  29 wolf spiders
  14 manticores
  19 orb spiders
  6 orc sorcerers
  A cyclops (shapeshifter) (Vaults:1)
  6 fauns
  8 elephants
  3 moths of wrath
  A guardian serpent (shapeshifter) (Vaults:5)
  8 merfolk sirens
  7 cyclopes
  4 black mambas
  5 guardian serpents
  5 torpor snails (Lair:6)
  12 vault sentinels
  5 water nymphs
  A torpor snail (shapeshifter) (D:15)
  61 yaktaurs
  Psyche (D:11)
  16 spiny frogs
  A gargoyle (D:15)
  An efreet (D:12)
  A rime drake (Lair:5)
  A kobold demonologist (D:14)
  14 demonic crawlers
  A komodo dragon (shapeshifter) (Vaults:5)
  5 komodo dragons
  A yaktaur (shapeshifter) (Vaults:5)
  17 freezing wraiths
  A tengu conjurer (D:15)
  4 trolls
  A troll (shapeshifter) (D:15)
  A polar bear (Lair:5)
  3 meliai (D:12)
  33 jumping spiders
  A polar bear (shapeshifter) (Vaults:4)
  A tyrant leech (shapeshifter) (Vaults:5)
  3 tyrant leeches (Lair:6)
  27 merfolk
  A queen bee (D:12)
  5 wind drakes
  9 hornets
  7 blink frogs
  28 slime creatures
  10 dream sheep
  51 saltlings (Desolation)
  5 snapping turtles
  2 blink frogs (shapeshifter) (Depths:1)
  2 centaur simulacra (D:15)
  18 tarantellas
  10 hippogriffs
  3 air elementals
  2 shadows
  4 vampires
  Eustachio (D:4)
  78 redbacks
  A spriggan (shapeshifter) (Vaults:4)
  13 water elementals
  32 yaks
  2 humans (shapeshifter)
  A wyvern (shapeshifter) (D:15)
  2 wyverns
  5 fire elementals
  6 wraiths
  2 basilisks (D:15)
  A neqoxec (Abyss:2)
  4 vampire mosquitoes (D:14)
  A steam dragon (Lair:3)
  2 hungry ghosts
  Menkaure (D:4)
  10 wargs
  A naga (shapeshifter) (Vaults:1)
  7 water moccasins
  7 acid dragons
  A soldier ant (D:15)
  13 porcupines
  A floating eye (shapeshifter) (Vaults:5)
  38 orc warriors
  7 ice beasts
  An ettin simulacrum (Vaults:2)
  5 sky beasts
  A black bear (shapeshifter) (D:15)
  7 boggarts
  An eye of draining (D:12)
  2 necrophages
  2 phantoms
  34 ogres
  17 wolves
  An eye of draining (shapeshifter) (Vaults:5)
  27 centaurs
  15 crocodiles
  2 crocodiles (shapeshifter)
  An earth elemental (Elf:1)
  17 bullfrogs
  A wyvern skeleton (D:11)
  6 scorpions
  9 wights
  22 killer bees
  An electric eel (Lair:3)
  8 crimson imps
  2 bullfrog zombies
  4 centaur zombies
  A quasit (D:14)
  2 hounds
  5 jellies
  9 centaur skeletons
  17 orc priests
  3 bullfrog skeletons
  4 iguanas
  23 orc wizards
  8 worker ants
  A worker ant (shapeshifter) (Elf:2)
  A hound skeleton (D:10)
  2 worker ant zombies (D:9)
  A howler monkey zombie (D:6)
  13 adders
  4 gnolls
  5 shadow imps
  5 oozes (D:9)
  2 adder skeletons
  A worm (D:2)
  A dart slug (D:1)
  6 leopard geckos
  84 orcs
  12 bats
  11 giant cockroaches
  9 goblins
  5 hobgoblins
  19 jackals
  7 kobolds
  5 quokkas
  7 frilled lizards
  A leopard gecko skeleton (D:4)
  A quokka zombie (D:7)
  7 rats
  3 crawling corpses (Elf:3)
  A fungus (Lair:4)
  13 pillars of salt (Elf:1)
  2 plants (Lair:6)
  2 tentacles (Shoals:3)
1978 creatures vanquished.

Vanquished Creatures (collateral kills)
  A vault guard (Vaults:5)
1 creature vanquished.

Vanquished Creatures (others)
  An ironheart preserver (Vaults:5)
  A merfolk aquamancer (Shoals:4)
  A dancing weapon (Elf:3)
  A deep elf knight (Elf:2)
  An unseen horror (Abyss:2)
  A deep elf archer (Elf:1)
  A deep elf mage (Elf:2)
  2 orc sorcerers
  A jumping spider (Spider:3)
  5 orc warriors
  2 slaves (D:9)
  A wight (D:15)
  An orc priest (Elf:2)
  2 orc wizards
  4 ball lightnings (Depths:1)
  4 orcs
  A bush (Depths:1)
  A crawling corpse (Elf:3)
  14 fungi
  24 plants
  19 tentacles (Shoals:3)
88 creatures vanquished.

Grand Total: 2067 creatures vanquished

Notes
Turn   | Place    | Note
-------+----------+-------------------------------------------
     0 | D:1      | spacetime the Gargoyle Fighter began the quest for the Orb.
     0 | D:1      | Reached XP level 1. HP: 14/14 MP: 1/1
    41 | D:1      | Reached XP level 2. HP: 19/19 MP: 2/2
   112 | D:1      | You fall through a shaft!
   376 | D:1      | Reached XP level 3. HP: 23/23 MP: 3/3
  1232 | D:2      | Reached XP level 4. HP: 27/29 MP: 4/4
  1380 | D:2      | Found a sacrificial altar of Ru.
  1628 | D:3      | Reached XP level 5. HP: 32/33 MP: 5/5
  1681 | D:3      | Reached skill level 1 in Throwing
  2055 | D:3      | Reached XP level 6. HP: 39/39 MP: 6/6
  2443 | D:4      | Noticed Eustachio
  2643 | D:4      | Found a staircase to the Ecumenical Temple.
  2657 | Temple   | Entered the Ecumenical Temple
  2761 | Temple   | Became a worshipper of Warmaster Okawaru
  2859 | D:4      | Found a glowing golden altar of the Shining One.
  3003 | D:4      | Killed Eustachio
  3003 | D:4      | Reached * piety under Okawaru
  3003 | D:4      | Reached skill level 5 in Fighting
  3003 | D:4      | Reached XP level 7. HP: 33/44 MP: 7/7
  3140 | D:4      | Reached skill level 1 in Invocations
  3180 | D:4      | Reached skill level 5 in Shields
  3438 | D:4      | Found an iron altar of Okawaru.
  3556 | D:4      | Noticed Menkaure
  3564 | D:4      | Killed Menkaure
  3564 | D:4      | Reached skill level 5 in Armour
  3564 | D:4      | Reached skill level 1 in Evocations
  3635 | D:4      | Found a snail-covered altar of Cheibriados.
  4042 | D:5      | Entered Level 5 of the Dungeon
  4187 | D:5      | Reached XP level 8. HP: 18/50 MP: 9/9
  4432 | D:5      | Found a glowing golden altar of the Shining One.
  5252 | D:6      | Reached ** piety under Okawaru
  5270 | D:6      | Found a white marble altar of Elyvilon.
  5369 | D:6      | Reached skill level 5 in Maces & Flails
  5496 | D:6      | You fall through a shaft for 2 floors!
  5648 | D:7      | Found a snail-covered altar of Cheibriados.
  5665 | D:7      | Reached XP level 9. HP: 48/56 MP: 11/11
  5670 | D:7      | Got a bloodstained ring mail
  5681 | D:7      | Identified the +2 ring mail of Cyhigg {rElec} (You found it
                  | on level 7 of the Dungeon)
  5852 | D:6      | Found a shattered altar of Ashenzari.
  6203 | D:7      | Found a glowing silver altar of Zin.
  6358 | D:7      | Got a pair of encrusted boots
  6364 | D:7      | Identified the cursed +0 pair of boots of a wizard's
                  | laboratory {MR- Str+5 Dex+6} (You found it on level 7 of
                  | the Dungeon)
  6434 | D:7      | Found a hazy altar of Hepliaklqana.
  6928 | D:7      | Reached *** piety under Okawaru
  7571 | D:8      | Found a sacrificial altar of Ru.
  7574 | D:8      | Found an opulent altar of Gozag.
  7596 | D:8      | Reached **** piety under Okawaru
  7682 | D:8      | Reached XP level 10. HP: 30/63 MP: 12/12
  8275 | D:9      | Noticed an orange crystal statue
  8333 | D:9      | Noticed Pikel
  8362 | D:9      | Killed Pikel
  8508 | D:9      | Received a gift from Okawaru
  8580 | D:9      | Noticed a two-headed ogre
  8600 | D:9      | Killed a two-headed ogre
  8600 | D:9      | Reached ***** piety under Okawaru
  8600 | D:9      | Received a gift from Okawaru
  9017 | D:9      | Found a staircase to the Orcish Mines.
  9111 | D:9      | Reached XP level 11. HP: 54/69 MP: 14/14
  9485 | D:10     | Entered Level 10 of the Dungeon
  9644 | D:10     | Reached skill level 5 in Invocations
  9701 | D:10     | Noticed a centaur warrior
  9719 | D:10     | Killed a centaur warrior
 10450 | D:11     | Noticed Psyche
 10475 | D:11     | Killed Psyche
 10475 | D:11     | Received a gift from Okawaru
 10588 | D:11     | Found a staircase to the Lair.
 10697 | D:11     | Noticed a green ugly thing
 10723 | D:11     | Killed a green ugly thing
 11273 | D:11     | Noticed a two-headed ogre
 11283 | D:11     | Killed a two-headed ogre
 11283 | D:11     | Received a gift from Okawaru
 11283 | D:11     | Reached ****** piety under Okawaru
 11284 | D:11     | Got an ancient hat {god gift}
 11295 | D:11     | Identified the +1 hat "Quoghozi" {rPois rN+ Dex-4} (Okawaru
                  | gifted it to you on level 11 of the Dungeon)
 11687 | Lair:1   | Entered Level 1 of the Lair of Beasts
 12075 | Lair:1   | Reached skill level 5 in Throwing
 12329 | Lair:1   | Reached XP level 12. HP: 69/77 MP: 16/16
 12701 | Lair:1   | Reached skill level 5 in Evocations
 13736 | Lair:2   | Reached skill level 10 in Fighting
 13899 | Lair:2   | Reached skill level 10 in Armour
 13960 | Lair:2   | Noticed Fannar
 14276 | Lair:2   | Killed Fannar
 14276 | Lair:2   | Reached skill level 10 in Shields
 14640 | Lair:2   | Received a gift from Okawaru
 14641 | Lair:2   | Got a heavily runed helmet {god gift}
 14754 | Lair:2   | Got a crude turquoise ring
 15232 | Lair:2   | Identified the +1 helmet of Cangol {MR+} (Okawaru gifted it
                  | to you on level 2 of the Lair of Beasts)
 15238 | Lair:2   | Identified the ring of the Hippo {+Fly rC+ MR+ Str+3 Dex+4}
                  | (You found it on level 2 of the Lair of Beasts)
 15317 | Lair:3   | Found a hole to the Spider Nest.
 15465 | Lair:3   | Found a staircase to the Shoals.
 16215 | Lair:4   | Noticed a death yak
 16216 | Lair:4   | Noticed a death yak
 16216 | Lair:4   | Noticed a death yak
 16217 | Lair:4   | Noticed a death yak
 16217 | Lair:4   | Noticed a death yak
 16217 | Lair:4   | Noticed a death yak
 16287 | Lair:3   | Killed a death yak
 16561 | Lair:4   | Killed a death yak
 16715 | Lair:4   | Reached XP level 13. HP: 49/83 MP: 18/18
 17562 | Lair:4   | Received a gift from Okawaru
 18139 | Lair:5   | Reached skill level 10 in Maces & Flails
 19111 | Lair:5   | Received a gift from Okawaru
 19517 | Lair:6   | Entered Level 6 of the Lair of Beasts
 19596 | Lair:6   | Found a viscous altar of Jiyva.
 19596 | Lair:6   | Found a staircase to the Slime Pits.
 20464 | Lair:6   | Gained mutation: Your large and strong wings let you fly
                  | indefinitely. [Gargoyle growth]
 20464 | Lair:6   | Reached XP level 14. HP: 91/91 MP: 19/19
 20651 | Lair:6   | Found a runed translucent door.
 20741 | Lair:6   | Received a gift from Okawaru
 20742 | Lair:6   | Got a slimy demon whip {god gift}
 20743 | Lair:6   | Identified the +9 demon whip of Shame {vamp, Stlth+}
                  | (Okawaru gifted it to you on level 6 of the Lair of Beasts)
 21757 | Orc:1    | Entered Level 1 of the Orcish Mines
 22320 | Orc:2    | Entered Level 2 of the Orcish Mines
 22553 | Orc:2    | Found a staircase to the Elven Halls.
 22786 | Orc:2    | Received a gift from Okawaru
 22825 | Orc:2    | Received a gift from Okawaru
 22874 | Orc:2    | Found Waoggoxi's Jewellery Emporium.
 22874 | Orc:2    | Found Yhaip's Weapon Boutique.
 22879 | Orc:2    | Found Akaqaq's Food Emporium.
 22879 | Orc:2    | Found Volemagguixt's Armour Boutique.
 22885 | Orc:2    | Bought an uncursed ring of see invisible for 180 gold
                  | pieces
 23639 | D:12     | Received a gift from Okawaru
 23803 | D:12     | Noticed WhatIsLove's ghost (journeyman GnBe)
 23809 | D:12     | Found a runed translucent gate.
 23809 | D:12     | Found a runed translucent gate.
 23809 | D:12     | Found a runed translucent gate.
 24078 | D:12     | Received a gift from Okawaru
 24303 | D:12     | Found the +5 scythe "Finisher" {speed, eviscerate}
 24362 | D:12     | Found a shimmering altar of Xom.
 24472 | D:12     | Identified a scroll of acquirement
 24473 | D:12     | Got a pair of shimmering boots
 24479 | D:12     | Identified the +1 pair of boots of the Several Shrikes {rF+
                  | Slay+3} (You acquired it on level 12 of the Dungeon)
 24568 | D:12     | Killed WhatIsLove's ghost
 24845 | D:13     | Reached XP level 15. HP: 97/97 MP: 21/21
 24915 | D:13     | Noticed Erica
 24923 | D:13     | Killed Erica
 25051 | D:13     | Noticed Rupert
 25068 | D:13     | Killed Rupert
 25068 | D:13     | Received a gift from Okawaru
 25469 | D:14     | Found a shimmering altar of Xom.
 25616 | D:14     | Received a gift from Okawaru
 25693 | D:14     | Got translucent gold dragon scales
 25705 | D:14     | Identified the +8 gold dragon scales of Surrea {rPois rF+
                  | rC+ rN+ Str-5 Dex+4} (You found it on level 14 of the
                  | Dungeon)
 25739 | D:14     | Received a gift from Okawaru
 25804 | D:14     | Found a gate to the Vaults.
 26016 | D:14     | Noticed Nessos
 26030 | D:14     | Killed Nessos
 26174 | D:15     | Entered Level 15 of the Dungeon
 26378 | D:15     | Received a gift from Okawaru
 26379 | D:15     | Got a brightly glowing hat {god gift}
 26399 | D:15     | Identified the +0 hat "Alusk" {*Contam +Blink +Fly SInv}
                  | (Okawaru gifted it to you on level 15 of the Dungeon)
 26405 | D:15     | Found a burning altar of Makhleb.
 26405 | D:15     | Found a shattered altar of Ashenzari.
 26406 | D:15     | Found an ancient bone altar of Kikubaaqudgha.
 26548 | D:15     | Found a staircase to the Depths.
 26881 | D:15     | Reached XP level 16. HP: 99/104 MP: 22/22
 26992 | D:15     | Noticed a tengu reaver
 27010 | D:15     | Killed a tengu reaver
 27158 | D:15     | Received a gift from Okawaru
 27164 | D:15     | Paralysed by a floating eye for 4 turns
 27214 | D:15     | Got a smelly ring mail {god gift}
 27226 | D:15     | Noticed a tengu reaver
 27263 | D:15     | Killed a tengu reaver
 27401 | D:15     | Identified the +1 ring mail "Qaty Mig" {Str+3 Dex-2 Slay+4}
                  | (Okawaru gifted it to you on level 15 of the Dungeon)
 27710 | Lair:2   | Gained mutation: You passively map a small area around you.
                  | [potion of mutation]
 27710 | Lair:2   | Gained mutation: You possess an exceptional clarity of
                  | mind. [potion of mutation]
 27710 | Lair:2   | Lost mutation: You possess an exceptional clarity of mind.
                  | [potion of mutation]
 27710 | Lair:2   | Gained mutation: You possess an exceptional clarity of
                  | mind. [potion of mutation]
 27750 | Shoals:1 | Entered Level 1 of the Shoals
 27907 | Shoals:1 | You are sucked into a shaft!
 28024 | Shoals:2 | Found Epnouluc's Gadget Emporium.
 28923 | Shoals:3 | Noticed a kraken
 29150 | Shoals:3 | Received a gift from Okawaru
 29318 | Shoals:3 | Killed a kraken
 29354 | Shoals:3 | Received a gift from Okawaru
 29354 | Shoals:3 | Reached XP level 17. HP: 112/112 MP: 24/24
 29426 | Shoals:3 | Found Gidghe's Jewellery Shop.
 29579 | Shoals:3 | Received a gift from Okawaru
 29789 | Shoals:3 | Reached skill level 10 in Invocations
 30043 | Shoals:4 | Entered Level 4 of the Shoals
 30127 | Shoals:4 | Noticed Louise
 30153 | Shoals:4 | Killed Louise
 30274 | Shoals:4 | Got a shimmering pewter ring
 30275 | Shoals:4 | Identified the ring "Timitric" {rElec rN++ Stlth+} (You
                  | found it on level 4 of the Shoals)
 30286 | Shoals:4 | Noticed Polyphemus
 30316 | Shoals:4 | Killed Polyphemus
 30446 | Shoals:4 | Received a gift from Okawaru
 30525 | Shoals:4 | Noticed Ilsuiw
 30556 | Shoals:4 | Killed Ilsuiw
 30809 | Shoals:4 | Received a gift from Okawaru
 31558 | Shoals:4 | Reached skill level 15 in Fighting
 31651 | Shoals:4 | Reached skill level 15 in Armour
 31802 | Shoals:4 | Got a barnacled rune of Zot
 31997 | Spider:1 | Entered Level 1 of the Spider Nest
 32036 | Spider:1 | Reached skill level 15 in Shields
 32048 | Spider:1 | Reached XP level 18. HP: 119/119 MP: 25/25
 32618 | Spider:1 | Found a roughly hewn altar of Beogh.
 32834 | Spider:2 | Received a gift from Okawaru
 33289 | Spider:2 | Got a sparkling turquoise ring
 34584 | Spider:4 | Entered Level 4 of the Spider Nest
 34626 | Spider:4 | Noticed Asterion
 34631 | Spider:4 | Killed Asterion
 34843 | Spider:4 | Received a gift from Okawaru
 34959 | Spider:4 | Received a gift from Okawaru
 34960 | Spider:4 | Got a smelly crystal plate armour {god gift}
 34961 | Spider:4 | Identified the +1 crystal plate armour of Resonance {rN+}
                  | (Okawaru gifted it to you on level 4 of the Spider Nest)
 34962 | Spider:4 | Identified the ring of Dit Viyk {rElec rF- rN+++ Str+4
                  | SInv} (You found it on level 2 of the Spider Nest)
 34997 | Spider:4 | Reached XP level 19. HP: 125/125 MP: 12/27
 35642 | Spider:4 | Got a gossamer rune of Zot
 35952 | Vaults:1 | Entered Level 1 of the Vaults
 36004 | Vaults:1 | Found Boph's Weapon Shoppe.
 36136 | Vaults:1 | Found Kuiph's Magic Scroll Boutique.
 36274 | Vaults:1 | Reached skill level 10 in Throwing
 36358 | Vaults:1 | Received a gift from Okawaru
 36635 | Vaults:1 | Reached skill level 10 in Evocations
 36943 | Vaults:1 | Reached skill level 15 in Maces & Flails
 37090 | Vaults:1 | Received a gift from Okawaru
 37102 | Vaults:1 | Got a brightly glowing quarterstaff {god gift}
 37465 | Vaults:1 | Upgraded the game from 0.24-a0-19-g0b81bb8f68 to
                  | 0.24-a0-54-g776a2178cb
 37639 | Vaults:2 | Reached XP level 20. HP: 132/132 MP: 28/28
 37951 | Vaults:2 | Received a gift from Okawaru
 38094 | Vaults:2 | Noticed a Brimstone Fiend
 38120 | Vaults:2 | Received a gift from Okawaru
 38867 | Vaults:2 | Found Subagall's Gadget Boutique.
 39141 | Vaults:2 | Received a gift from Okawaru
 39142 | Vaults:2 | Got an iridescent great mace {god gift}
 39164 | Vaults:2 | Identified the +6 great mace of Enifis {flame, *Drain
                  | Str+6} (Okawaru gifted it to you on level 2 of the Vaults)
 39179 | Vaults:2 | Found an ornate altar of the Wu Jian Council.
 40166 | Vaults:3 | Received a gift from Okawaru
 40264 | Vaults:3 | Found a snail-covered altar of Cheibriados.
 40459 | Vaults:3 | Received a gift from Okawaru
 40459 | Vaults:3 | Reached XP level 21. HP: 139/139 MP: 30/30
 40507 | Vaults:3 | Cast into level 2 of the Abyss (a deep elf sorcerer)
 40511 | Abyss:2  | Found a corrupted altar of Lugonu.
 40552 | Abyss:2  | Gained mutation: You have large cloven feet. [a neqoxec]
 40564 | Abyss:2  | Found a corrupted altar of Lugonu.
 40594 | Vaults:3 | Escaped the Abyss
 40649 | Vaults:3 | Found a staircase to the Crypt.
 40649 | Vaults:3 | Found a basalt altar of Yredelemnul.
 40650 | Vaults:3 | Found an ancient bone altar of Kikubaaqudgha.
 40727 | Vaults:3 | Received a gift from Okawaru
 40868 | Vaults:3 | Received a gift from Okawaru
 41125 | Vaults:3 | Identified the +8 quarterstaff of Dried Tears {flame, MR++
                  | Dex+3} (Okawaru gifted it to you on level 1 of the Vaults)
 42260 | Vaults:4 | Received a gift from Okawaru
 42428 | Vaults:4 | Received a gift from Okawaru
 42898 | Vaults:4 | Found Bung's General Store.
 42904 | Vaults:4 | Bought a scroll of identify for 34 gold pieces
 43559 | Vaults:5 | Entered Level 5 of the Vaults
 43655 | Vaults:4 | Reached XP level 22. HP: 147/147 MP: 28/31
 43819 | Vaults:4 | Received a gift from Okawaru
 43830 | Vaults:4 | Got a pair of pitted boots {god gift}
 43841 | Vaults:4 | Identified the +4 pair of boots of Wrong Decisions {Dex+6}
                  | (Okawaru gifted it to you on level 4 of the Vaults)
 44573 | Vaults:5 | Noticed a caustic shrike
 44573 | Vaults:5 | a dire elephant changed into a caustic shrike
 44605 | Vaults:5 | a caustic shrike changed into an iron giant
 44695 | Vaults:5 | Identified the +7 morningstar "Loopy" {speed, rPois rN++
                  | Str+3 Dex-4}
 44870 | Vaults:5 | Identified the +1 leather armour of Vobiy {rF++ rCorr}
 45019 | Vaults:5 | Received a gift from Okawaru
 45152 | Vaults:5 | Paralysed by a lich for 4 turns
 45153 | Vaults:5 | Noticed a golden dragon
 45175 | Vaults:5 | Killed a golden dragon
 45175 | Vaults:5 | Received a gift from Okawaru
 45198 | Vaults:5 | Reached XP level 23. HP: 144/153 MP: 33/33
 45425 | Vaults:5 | Noticed an ancient lich
 45437 | Vaults:5 | Killed an ancient lich
 45465 | Vaults:5 | Received a gift from Okawaru
 46383 | Vaults:5 | Found Zugog's Book Boutique.
 46922 | Vaults:5 | Got a silver rune of Zot
 47681 | Vaults:5 | Got a shimmering hunting sling {god gift}
 48095 | Elf:1    | Entered Level 1 of the Elven Halls
 48141 | Elf:1    | Received a gift from Okawaru
 48148 | Elf:1    | Got a blackened chain mail {god gift}
 48160 | Elf:1    | Identified the +4 chain mail "Doxo" {rPois MR+ SInv}
                  | (Okawaru gifted it to you on level 1 of the Elven Halls)
 48578 | Elf:1    | Found a ruined gateway.
 48588 | Desolati | Entered the Desolation of Salt
 48761 | Desolati | Got a slimy pewter ring
 49287 | Desolati | Got a warped iron ring
 49303 | Desolati | Identified the ring of Datic {*Tele rN+} (You found it in
                  | the Desolation of Salt)
 49304 | Desolati | Identified the ring "Liypnip" {rCorr rF++ MP+9} (You found
                  | it in the Desolation of Salt)
 49784 | Elf:1    | Found a runed translucent gate.
 49785 | Elf:1    | Found a runed translucent gate.
 49786 | Elf:1    | Noticed Tarias's ghost (journeyman DDGl)
 49786 | Elf:1    | Found a runed translucent gate.
 49788 | Elf:1    | Identified the ring "Besoeth" {MR+ Slay+3}
 49833 | Elf:1    | Killed Tarias's ghost
 49841 | Elf:1    | Received a gift from Okawaru
 50012 | Elf:1    | Reached XP level 24. HP: 160/160 MP: 33/33
 50061 | Elf:1    | Found a portal to a secret trove of treasure.
 50350 | Elf:1    | Identified the Tome of Supportive Conjuration
 50832 | Lair:2   | Got a pair of spiked gloves
 50843 | Lair:2   | Identified the +2 pair of gloves "Nejuavil" {-Tele Str+4
                  | Dex+6} (You acquired it on level 2 of the Lair of Beasts)
 51175 | Elf:2    | Gained mutation: You are occasionally teleported next to
                  | monsters. [a neqoxec]
 51220 | Elf:2    | Found a runed translucent gate.
 51220 | Elf:2    | Found a runed translucent gate.
 51220 | Elf:2    | Found a runed translucent gate.
 51320 | Elf:2    | Found Bahon's Gadget Boutique.
 51355 | Elf:2    | Upgraded the game from 0.24-a0-54-g776a2178cb to
                  | 0.24-a0-67-ga78bd38d5a
 51593 | Elf:2    | Noticed Nikola
 51630 | Elf:2    | Noticed Saint Roka
 51839 | Elf:1    | Killed Nikola
 51839 | Elf:1    | Received a gift from Okawaru
 52160 | Elf:2    | Killed Saint Roka
 52610 | Elf:3    | Entered Level 3 of the Elven Halls
 53074 | Elf:3    | Gained mutation: You are frail. (-10% HP) [a cacodemon]
 53334 | Elf:3    | Identified the +1 large shield of Inoam {MR+ Slay+3}
 53376 | Elf:3    | Identified the +7 spear "Fis Qiru" {vamp, +Rage}
 53379 | Elf:3    | Identified the cursed +1 morningstar "No More Talking"
                  | {crush, Str+3}
 53380 | Elf:3    | Identified the amulet "Zebeuc" {Faith rPois}
 53463 | Elf:3    | Found a radiant altar of Vehumet.
 53561 | Elf:3    | Received a gift from Okawaru
 53654 | Elf:3    | Identified the +0 battleaxe "Mizuna" {speed, rF- rN+ MR++
                  | Int+2}
 53684 | Elf:3    | Received a gift from Okawaru
 53734 | Elf:3    | Reached XP level 25. HP: 151/151 MP: 16/33
 53744 | Elf:3    | Gained mutation: You are very frail. (-20% HP) [a neqoxec]
 53798 | Elf:3    | Found the +8 longbow "Zephyr" {speed, Dex+3 SInv}
 55060 | Depths:1 | Entered Level 1 of the Depths
 55258 | Depths:1 | Found a gateway to Hell.
 55509 | Depths:1 | Found a runed translucent gate.
 55516 | Depths:1 | Found a runed translucent gate.
 55516 | Depths:1 | Found an ancient bone altar of Kikubaaqudgha.
 55516 | Depths:1 | Found a runed translucent gate.
 55516 | Depths:1 | Noticed Nianuil's ghost (veteran GrFE)
 55517 | Depths:1 | Noticed an ancient lich
 55949 | Depths:1 | Found Deika Ase's Gadget Emporium.
 55961 | Depths:1 | Found Lebatovo's Jewellery Boutique.
 55962 | Depths:1 | Found Quida's Gadget Emporium.
 55968 | Depths:1 | Bought a wand of disintegration (8) for 240 gold pieces
 55968 | Depths:1 | Bought a wand of iceblast (7) for 220 gold pieces
 55972 | Depths:1 | Bought a wand of disintegration (10) for 210 gold pieces
 55972 | Depths:1 | Bought a wand of disintegration (16) for 300 gold pieces
 56296 | Depths:1 | Killed an ancient lich
 56318 | Depths:1 | Killed from afar by a Brimstone Fiend

Vault maps used:
D:1:      sevenhm_arrival_forest_fort_small_4
D:2:      nicolae_ru_sacrificial_ziggurat
D:3:      minmay_general_purpose_star
D:4:      kennysheep_mini, kennysheep_little_box, minmay_temple_entry_hall,
          okawaru_metal_pillars_1_2, uniq_eustachio, uniq_menkaure
D:5:      first_ration, lemuel_altar_in_water2
D:6:      lemuel_crystal_altar, nicolae_ashenzari_panopticon
D:7:      overflow_temple_1_default, old_standard_altar, basic_altar
D:8:      grunt_temple_overflow_open
D:9:      orc_0_dummy, hangedman_little_slice_of_home, serial_bayou_pond_e,
          minivault_15, uniq_pikel
D:11:     lair_entry_dummy, nrook_guardian_serpent_double, uniq_psyche
D:12:     special_room, basic_altar, gammafunk_ghost_split,
          minmay_guarded_unrand_finisher
D:13:     sword_in_stone, uniq_rupert
D:14:     david_vaults_2, lemuel_crystal_altar, uniq_nessos
D:15:     hangedman_slaughterboxes
Temple:   regret_index_temple_waves
Lair:1:   eino_small_chamber_without_monster
Lair:2:   enter_volcano_4, uniq_fannar
Lair:3:   minmay_shoals_entry_hut, dummy_spider_entry
Lair:4:   serial_bayou_shore_a
Lair:6:   wormcave, dpeg_slime_entry_enclosed_altar
Shoals:1: cheibrodos_shoals_gigantism, st_sunken_temple
Shoals:2: serial_shops, shop, nicolae_shoals_hunting_party
Shoals:3: serial_shops, shop
Shoals:4: shoals_end_grunt_ice, shoals_ilsuiw_alternative, uniq_louise,
          uniq_polyphemus
Spider:1: nicolae_spider_mines_2
Spider:4: grunt_spider_rune_circles, uniq_asterion
Orc:1:    cheibrodos_orc_guarddog
Orc:2:    grunt_orc_tribal_feast, nicolae_orc_rockfall
Elf:1:    eino_elf_arrival_shootout, portal_desolation_entry_garden,
          infiniplex_enter_wizlab_spiral, gammafunk_ghost_split,
          nicolae_trove_entry_diagonal, minmay_elf_sorcery, minivault_25
Elf:2:    serial_shops, nicolae_shop_window_shopping, uniq_saint_roka,
          uniq_nikola
Elf:3:    nooodl_elf_gasket, basic_altar, drop_trap
Vaults:1: nicolae_vaults_network_periphery, v_misc_22,
          nicolae_vaults_stairing_the_circle, nicolae_vaults_little_squares_6,
          vaults_room_fours, nicolae_vaults_mini_display_case, vaults_room_grid,
          vaults_room_grunt_arrival_ludios, nicolae_vaults_border_crossing,
          serial_shops, nicolae_shop_waterfront, shop
Vaults:2: vaults_room_fours, hangedman_vaults_stream,
          ontoclasm_vaults_claustrophobia, nicolae_vaults_twisting_passages,
          v_pattern_3, hangedman_vaults_snaps, v_misc_11,
          ontoclasm_vaults_twist, basic_altar, serial_shops, shop
Vaults:3: nicolae_vaults_little_squares_6, minmay_crypt_entry_necro_gods,
          v_misc_5, nicolae_vaults_network_quincunx, grunt_vaults_funnel,
          nicolae_vaults_windows_and_doors_thing,
          nicolae_vaults_network_quinsquares, vaults_room_door_hall, v_misc_19,
          vaults_dpeg_doors, st_quartered_hall, vaults_room_hallway, basic_altar
Vaults:4: hangedman_vaults_cutoff, nicolae_vaults_display_case,
          vaults_room_semicircle, vaults_room_door_ring,
          vaults_dpeg_encased_lava, nicolae_vaults_triangles,
          nicolae_vaults_hallways_thing, ontoclasm_vaults_hangar,
          ontoclasm_vaults_chip, ontoclasm_vaults_eye,
          nicolae_vaults_bisected_slash, vaults_dpeg_diagonal, serial_shops,
          shop
Depths:1: hell_entry, minmay_hedge_maze, gammafunk_ghost_crypt, st_stairs_2,
          nicolae_water_bricks, hangedman_abyss_or_decor_lesser_grid,
          kennysheep_boxes, minmay_shop_grove

Skill      XL: |  1  2  3  4  5  6  7  8  9 10 11 12 13 14 15 16 17 18 19 20 21 22 23 24 25 |
---------------+----------------------------------------------------------------------------+-----
Fighting       | 4 5 6 7 8 9 10 11 12 13 14 15 16 17 18 19 20 | 20.2
Armour         | 4 5 6 7 8 9 10 11 12 13 14 15 16 17 18 19 20 | 20.2
Shields        | 4 5 6 7 8 9 10 11 12 13 14 15 16 17 18 19 20 | 20.2
Throwing       | 1 2 3 4 5 6 7 8 9 10 11 12 | 12.9
Maces & Flails | 3 4 5 6 7 8 9 10 11 12 13 14 15 16 17 18 | 18.7
Invocations    | 1 2 3 4 5 6 7 8 9 10 11 12 13 14 | 14.7
Evocations     | 1 2 3 4 5 6 7 8 9 10 11 12 | 12.7

Action                   |  1- 3 |  4- 6 |  7- 9 | 10-12 | 13-15 | 16-18 | 19-21 | 22-24 | 25-27 || total
-------------------------+-------+-------+-------+-------+-------+-------+-------+-------+-------++-------
Melee: Flail             |   154 |   156 |       |   661 |   442 |       |       |       |       ||  1413
       Mace              |       |    66 |   512 |   173 |       |       |       |       |       ||   751
       Whip              |       |       |       |   351 |       |       |       |       |       ||   351
       Demon whip        |       |       |       |       |  1024 |  1830 |  2372 |  2028 |   482 ||  7736
Throw: Javelin           |       |     6 |    16 |    37 |   140 |   241 |    25 |   224 |     5 ||   694
       Stone             |       |       |     1 |       |       |       |     1 |     5 |       ||     7
       Tomahawk          |       |       |       |       |       |       |    52 |    15 |       ||    67
 Abil: Fly               |       |       |       |       |     1 |       |       |       |       ||     1
       Evoke Blink       |       |       |       |       |     1 |       |       |       |       ||     1
Evoke: Wand              |       |       |    19 |    14 |     5 |    15 |     9 |    19 |     4 ||    85
       Lightning rod     |       |       |       |       |     4 |     8 |     9 |     5 |       ||    26
       Phial of floods   |       |       |       |       |       |       |     1 |     1 |       ||     2
  Use: Scroll            |       |    11 |     8 |     8 |    15 |    16 |     9 |    20 |     2 ||    89
       Potion            |       |     5 |       |       |       |     1 |     1 |    18 |     2 ||    27
 Stab: Petrified         |       |       |       |       |       |     2 |       |       |       ||     2
  Eat: Chunk             |     1 |     6 |    10 |    39 |    42 |    29 |    29 |    32 |     9 ||   197
       Ration            |       |       |     2 |       |       |       |       |       |       ||     2
Armor: Scale mail        |    48 |       |       |       |       |       |       |       |       ||    48
       Chain mail        |    82 |   228 |   351 |   578 |   117 |       |       |       |       ||  1356
       Skin              |       |    19 |       |       |     1 |       |       |       |       ||    20
       Ring mail         |       |       |     2 |       |       |       |       |       |       ||     2
       Plate armour      |       |       |       |       |   455 |       |       |       |       ||   455
       Gold dragon scale |       |       |       |       |    95 |  1592 |  1012 |  1124 |   166 ||  3989
Dodge: Dodged            |    69 |    60 |   124 |   240 |   242 |   359 |   285 |   314 |    55 ||  1748
       Deflected         |       |       |       |       |     2 |    18 |    42 |    30 |     2 ||    94
Block: Shield            |   126 |   190 |   301 |   573 |   802 |  1462 |  1346 |  1418 |   338 ||  6556

Table legend:
 A = Non-vault XP
 B = Vault XP
 C = Vault XP percentage of total XP
 D = Non-vault monster count
 E = Vault monster count
 F = Vault count percentage of total count
                 A         B        C        D         E       F
            +---------+---------+-------+---------+---------+-------
      Total |  463338 |  565950 |  55.0 |    1223 |     742 |  37.8
            +---------+---------+-------+---------+---------+-------
        D:1 |      56 |       0 |   0.0 |      25 |       0 |   0.0
        D:2 |      98 |       0 |   0.0 |      25 |       0 |   0.0
        D:3 |     183 |       6 |   3.2 |      23 |       3 |  11.5
        D:4 |     244 |     386 |  61.3 |      13 |       2 |  13.3
        D:5 |     739 |       0 |   0.0 |      18 |       0 |   0.0
        D:6 |     566 |       0 |   0.0 |      13 |       0 |   0.0
        D:7 |     921 |       0 |   0.0 |      12 |       0 |   0.0
        D:8 |    2044 |       0 |   0.0 |      24 |       0 |   0.0
        D:9 |    3691 |    1460 |  28.3 |      36 |      10 |  21.7
       D:10 |    1948 |       0 |   0.0 |      23 |       0 |   0.0
       D:11 |    3065 |     852 |  21.8 |      27 |       2 |   6.9
       D:12 |    4343 |    5407 |  55.5 |      34 |      24 |  41.4
       D:13 |    4600 |    5935 |  56.3 |      25 |       5 |  16.7
       D:14 |    9886 |    3975 |  28.7 |      33 |       4 |  10.8
       D:15 |       0 |   40752 | 100.0 |       0 |      83 | 100.0
     Lair:1 |    5873 |       0 |   0.0 |      27 |       0 |   0.0
     Lair:2 |    4176 |     997 |  19.3 |      13 |       1 |   7.1
     Lair:3 |    2944 |     256 |   8.0 |      12 |       1 |   7.7
     Lair:4 |    8997 |       0 |   0.0 |      30 |       0 |   0.0
     Lair:5 |   10128 |       0 |   0.0 |      31 |       0 |   0.0
     Lair:6 |    8290 |    5953 |  41.8 |      28 |      16 |  36.4
   Shoals:1 |    3086 |       0 |   0.0 |       7 |       0 |   0.0
   Shoals:2 |   14417 |    2207 |  13.3 |      29 |       2 |   6.5
   Shoals:3 |   20856 |       0 |   0.0 |      38 |       0 |   0.0
   Shoals:4 |   14170 |   36937 |  72.3 |      28 |      49 |  63.6
   Spider:1 |   17642 |    1649 |   8.5 |      47 |       5 |   9.6
   Spider:2 |   13305 |       0 |   0.0 |      35 |       0 |   0.0
   Spider:3 |   17292 |       0 |   0.0 |      50 |       0 |   0.0
   Spider:4 |   11718 |   31060 |  72.6 |      25 |      47 |  65.3
      Orc:1 |    1474 |     688 |  31.8 |      18 |       4 |  18.2
      Orc:2 |    1193 |    7653 |  86.5 |      13 |      30 |  69.8
      Elf:1 |   11822 |   21543 |  64.6 |      20 |      28 |  58.3
      Elf:2 |   24148 |   24858 |  50.7 |      39 |      30 |  43.5
      Elf:3 |   32386 |   56492 |  63.6 |      50 |      42 |  45.7
   Vaults:1 |   29571 |   27866 |  48.5 |      64 |      46 |  41.8
   Vaults:2 |   39461 |   26432 |  40.1 |      74 |      42 |  36.2
   Vaults:3 |   32802 |   34671 |  51.4 |      47 |      41 |  46.6
   Vaults:4 |   35230 |   51098 |  59.2 |      58 |      63 |  52.1
   Vaults:5 |   26261 |  127451 |  82.9 |      43 |      81 |  65.3
   Depths:1 |   41880 |   10073 |  19.4 |      62 |       3 |   4.6
    Abyss:2 |    1832 |       0 |   0.0 |       4 |       0 |   0.0
 Desolation |       0 |   39293 | 100.0 |       0 |      78 | 100.0
            +---------+---------+-------+---------+---------+-------
